 Dungeon Crawl Stone Soup version 0.29-a0-284-gf9362112df (webtiles) character file.

Game seed: 6958113491593500211

7 azurejojo the Ruffian (level 1, 0/19 HPs)
             Began as a Troll Gladiator on Mar 24, 2022.
             Succumbed to an adder's poison
             ... on level 2 of the Dungeon.
             The game lasted 00:06:54 (375 turns).

azurejojo the Ruffian (Troll Gladiator)              Turns: 375, Time: 00:06:55

Health: 0/19       AC:  4    Str: 21    XL:     1   Next: 83%
Magic:  0/0        EV: 10    Int:  4    God:
Gold:   39         SH:  0    Dex: 11    Spells: 0/0 levels left

rFire   . . .      SeeInvis .     - Unarmed
rCold   . . .      Faith    .   (no shield)
rNeg    . . .      Spirit   .   a - +0 robe
rPois   .          Reflect  .   b - +0 hat
rElec   .          Harm     .   (no cloak)
rCorr   .          Rampage  .   (gloves unavailable)
Will    .....                   (boots unavailable)
Stlth   +.........              (no amulet)
HPRegen 0.86/turn               (no ring)
MPRegen 0.07/turn               (no ring)

@: lethally poisoned (0 -> -1)
A: large, unfitting armour, claws 3, regeneration 1, shaggy fur 1, tough skin 1
a: no special abilities


You were on level 2 of the Dungeon.
You visited 1 branch of the dungeon, and saw 2 of its levels.

You collected 39 gold pieces.

Inventory:

Hand Weapons
 h - a +2 short sword of venom
Missiles
 c - 3 throwing nets (quivered)
 d - a large rock
 i - a stone
Armour
 a - a +0 robe (worn)
 b - a +0 hat (worn)
 e - a +0 ring mail of positive energy
 g - a +0 chain mail
 k - a +0 helmet
Magical Staves
 j - a staff of earth
Scrolls
 f - a scroll of vulnerability


   Skills:
 + Level 1.6 Fighting
 + Level 1.8 Throwing
 + Level 2.6 Dodging
 + Level 3.1 Unarmed Combat


You couldn't memorise any spells.
You didn't know any spells.
Your spell library contained the following spells:

 Spells                   Type           Power      Damage    Failure   Level
 Tukima's Dance           Hex            0%         N/A       86%         3
 Anguish                  Hex/Necr       0%         N/A       99%         4
 Passage of Golubria      Tloc           0%         N/A       99%         4
 Silence                  Hex/Air        0%         N/A       100%        5
 Enfeeble                 Hex            0%         N/A       100%        7
 Lehudib's Crystal Spear  Conj/Erth      0%         10d2      100%        8


Dungeon Overview and Level Annotations

Branches:
Dungeon (2/15)

Altars:


Innate Abilities, Weirdness & Mutations

You are too large for most types of armour.
You have claws for hands.
Your natural rate of healing is unusually fast.
You are covered in fur. (AC +1)
You have tough skin. (AC +1)


Message History

Found a book of Maledictions.
You see here a +0 ring mail of positive energy.
e - a +0 ring mail of positive energy
Found a thin jewelled staff.
Found a helmet.
You pick up a book of Maledictions and begin reading...
You add the spells Tukima's Dance, Anguish and Enfeeble to your library.
There are no items here.
A quokka comes into view.
There are no items here.
You see here a staff of earth.
j - a staff of earth You claw the quokka!
You kill the quokka!
You see here a +0 helmet.
k - a +0 helmet A worm comes into view.
A frilled lizard and an adder come into view.
A quokka comes into view.
Found a stone staircase leading up.
The frilled lizard hisses angrily.
Found 8 gold pieces.
The worm bites you.
You completely miss the worm. You scratch the worm.
The worm is moderately wounded.
The worm bites you. The adder bites you.
You are poisoned.
The adder poisons you!
You barely miss the worm.
The worm is moderately wounded.
You feel sick. The adder bites you but does no damage.
The worm bites you but does no damage.
There are no items here.
You scratch the worm but do no damage.
The worm is moderately wounded.
You feel sick. The adder bites you.
* * * LOW HITPOINT WARNING * * *
The frilled lizard closely misses you. The quokka bites you.
* * * LOW HITPOINT WARNING * * *
You die...

#.......... ###.......
#....... #.......
#....... #.......
##################.......
......l..................
......w.@................
$.....Sr.......#######.##
#......###.....# .#
...............# .#
#......##......# #......
#.#+#### #...<.. #.
#...... #. #.


You could see a worm, an adder, a quokka and a frilled lizard.

Vanquished Creatures
  2 bats
  A kobold (D:2)
  A quokka (D:2)
  A frilled lizard (D:1)
  2 rats (D:1)
7 creatures vanquished.

Notes
Turn   | Place    | Note
-------+----------+-------------------------------------------
     0 | D:1      | azurejojo the Troll Gladiator began the quest for the Orb.
     0 | D:1      | Reached XP level 1. HP: 19/19 MP: 0/0
   375 | D:2      | Succumbed to an adder's poison

Illustrated notes

Levels and vault maps discovered:
D:1:      psy_arrival_statuary, layout_loops_cross,
          nicolae_ecumenical_snake_handling, minmay_cut_off
D:2:      layout_basic, uniq_natasha

Action                   || total
-------------------------++-------
Melee: Unarmed           ||    23
  Use: Scroll            ||     1
Armor: Robe              ||    16
Dodge: Dodged            ||    17

Table legend: (Time is in decaauts)
 A = Elapsed time spent in this place.
 B = Non-inter-level travel time spent in this place.
 C = Inter-level travel time spent in this place.
 D = Time resting spent in this place.
 E = Time spent auto-exploring this place.
 F = Levels seen in this place.
 G = Mean time per level.
                   A        B        C        D        E       F      G
               +--------+--------+--------+--------+--------+-----+--------+
         Total |    373 |    115 |    258 |      0 |      0 |   2 |  186.5 |
       Dungeon |    373 |    115 |    258 |      0 |      0 |   2 |  186.5 |
               +--------+--------+--------+--------+--------+-----+--------+

Top non-repeatable levels by time:
     D:1: 213 daAuts
     D:2: 159 daAuts
